 Dungeon Crawl Stone Soup version 0.23.2-40-g277498a (webtiles) character file.

Game seed: 147723305797314115

2400 CrazyJ the Agent of Entropy (level 9, -2/74 HPs)
             Began as a Centaur Abyssal Knight on Sept 11, 2019.
             Was a Priest of Lugonu.
             Slain by an ogre
             ... wielding a +0 giant club
              (22 damage)
             ... on level 9 of the Dungeon.
             The game lasted 00:44:18 (12051 turns).

CrazyJ the Agent of Entropy (CeAK)                 Turns: 12051, Time: 00:44:19

Health: -2/74      AC: 10    Str: 18    XL:     9   Next: 23%
Magic:  4/14       EV:  6    Int: 11    God:    Lugonu [***...]
Gold:   462        SH:  0    Dex: 15    Spells: 11/12 levels left

rFire    + . .     SeeInvis .   Q - +1 trident
rCold    x . .     Gourm    .   (no shield)
rNeg     . . .     Faith    .   L - +0 chain mail
rPois    .         Spirit   .   J - +1 helmet
rElec    .         Reflect  .   (no cloak)
rCorr    .         Harm     .   (no gloves)
MR       .....                  (no barding)
Stlth    ..........             H - amulet "Ehioghud" {+Rage Dex+6}
HPRegen  0.22/turn              K - ring of stealth
MPRegen  0.14/turn              N - ring of fire

@: lethally poisoned (-2 -> -4), very quick
A: large, hooves 3, deformed body, speed 2, tough skin 3
a: Depart the Abyss, Bend Space, Banish, Renounce Religion, Evoke Berserk Rage


You were on level 9 of the Dungeon.
You worshipped Lugonu.
Lugonu was most pleased with you.
You were hungry.

You visited 2 branches of the dungeon, and saw 10 of its levels.
You visited the Abyss 1 time.
You also visited: Ossuary.

You collected 462 gold pieces.

Inventory:

Hand Weapons
 a - a +1 spear
 q - a +0 hunting sling
 s - a +0 hunting sling
 u - a +0 spear
 M - a +0 shortbow
 Q - a +1 trident (weapon)
Missiles
 g - 99 sling bullets
 i - 48 bolts
 l - 150 stones (quivered)
 r - 91 arrows
 D - 8 exploding tomahawks
 I - 2 throwing nets
Armour
 b - a +0 leather armour
 d - a +0 scale mail
 f - a +0 leather armour
 p - a +0 ring mail
 F - a +0 helmet
 J - a +1 helmet (worn)
 L - a +0 chain mail (worn)
Jewellery
 H - the amulet "Ehioghud" (around neck) {+Rage Dex+6}
   (You found it on level 5 of the Dungeon)

   [amulet of rage]

   It affects your dexterity (+6).
   It lets you go berserk.
 K - a ring of stealth (left hand)
 N - a ring of fire (right hand)
Wands
 w - a wand of flame (19)
Scrolls
 j - 2 scrolls of magic mapping
 k - 3 scrolls of teleportation
 n - 10 scrolls of identify
 t - 2 scrolls of remove curse
 v - a scroll of noise {unknown}
 B - a scroll of amnesia
 G - 2 scrolls of enchant armour
Potions
 e - 2 potions of flight
 h - a potion of heal wounds {unknown}
 m - 2 potions of curing
 o - 3 potions of magic
 x - 2 potions of haste
 z - a potion of cancellation
 C - a potion of ambrosia
 E - 2 potions of brilliance
 P - a potion of agility {unknown}
Comestibles
 c - 13 rations


   Skills:
 + Level 5.0 Fighting
 * Level 5.5 Polearms
 - Level 2.4 Slings
 * Level 5.2 Bows
 + Level 3.3 Armour
 - Level 1.7 Dodging
 + Level 2.2 Spellcasting
 + Level 2.7 Hexes
 * Level 6.6 Invocations
 - Level 0.4 Evocations


You had 11 spell levels left.
You knew the following spells:

 Your Spells              Type           Power        Failure   Level  Hunger
a - Corona                Hex            #......      77%         1    ##.....

Your spell library contained the following spells:

 Spells                   Type           Power        Failure   Level  Hunger
 Ensorcelled Hibernation  Hex/Ice        #.....       97%         2    ###....
 Confuse                  Hex            #.......     98%         3    ####...
 Tukima's Dance           Hex            #.......     98%         3    ####...
 Dazzling Spray           Conj/Hex       #.....       100%        3    ####...


Dungeon Overview and Level Annotations

Branches:
Dungeon (9/15)             Temple (1/1) D:4
   Lair: D:8-11         Orc: D:9-12

Altars:
Ashenzari
Cheibriados
Dithmenos
Elyvilon
Fedhas
Gozag
Hepliaklqana
Kikubaaqudgha
Makhleb
Nemelex Xobeh
Okawaru
Qazlal
Ru
Sif Muna
Trog
Uskayaw
Vehumet
Wu Jian
Xom
Yredelemnul
Zin
The Shining One


Innate Abilities, Weirdness & Mutations

You have hooves in place of feet.
Armour fits poorly on your strangely shaped body.
You cover ground very quickly.
You have extremely tough skin. (AC +3)


Message History

Aim: a hornet (chance to defeat MR: 78%)
The hornet is devoured by a tear in reality.
Lugonu claims a new guest.
You can now corrupt the fabric of space.
Your Fighting skill increases to level 5!
You feel quite a bit more hungry.
You can no longer corrupt the fabric of space.
You feel sick.
The gnoll sergeant hits you from afar with a cursed -2 spear.
* * * LOW HITPOINT WARNING * * *
Press: ? - help, Shift-Dir - straight line, f - gnoll sergeant
Aim: a gnoll sergeant, wielding a -2 spear, wearing a +0 ring mail and wearing a +0 buckler (chance to defeat MR: 84%)
The gnoll sergeant is devoured by a tear in reality.
Lugonu claims a new guest.
You are feeling hungry.
You hit the ogre.
The ogre is lightly wounded.
You feel sick.
The ogre hits you with a +0 giant club!!
You die...

....#.[...#.....#.
.8.8..†y..........
....#.[.%.#.....#
.8..#.gy..#.....
#.#####O#####.###
....#.....#.....
....#..⌠..#..###
..#...⌠⌠⌠......########
..#.#..⌠..#.+...@O§§.§+
..# #.....#.#.....§§..#
..# ###.###......§§...#
..# ..........####..##
..# .##..####+## #..#
..#. .. #...$ ..# ..
#..... ..# #..... ..#
#.....


You could see an ogre.

Vanquished Creatures
  A hippogriff (D:8)
  A water moccasin (D:9)
  A black bear (D:8)
  An ice beast (D:7)
  A sky beast (D:9)
  2 ogres
  A centaur (D:6)
  A crocodile (D:8)
  6 bullfrogs
  2 scorpions
  2 bullfrog skeletons (D:5)
  A centaur skeleton (D:4)
  A hound (D:4)
  2 orc priests (D:6)
  An orc wizard (D:6)
  2 iguanas
  8 worker ants
  2 big kobold zombies (Ossuary)
  A hound zombie (D:5)
  8 mummies (Ossuary)
  2 worker ant zombies (D:5)
  3 gnolls (D:4)
  7 adders
  A shadow imp (D:7)
  An ooze (D:3)
  An adder zombie (D:7)
  2 adder skeletons
  3 worms
  4 dart slugs
  4 leopard geckos
  9 orcs
  3 bats
  5 giant cockroaches
  2 gnoll zombies (Ossuary)
  11 goblins
  2 hobgoblins
  4 jackals
  5 kobolds
  4 quokkas
  2 ball pythons
  8 frilled lizards
  2 hobgoblin zombies (Ossuary)
  A kobold zombie (Ossuary)
  A leopard gecko skeleton (D:4)
  A leopard gecko zombie (D:6)
  An orc zombie (Ossuary)
  A quokka skeleton (D:4)
  A quokka zombie (D:4)
  A rat (D:1)
137 creatures vanquished.

Vanquished Creatures (others)
  A hornet (D:9)
  An orc warrior (D:7)
  A gnoll sergeant (D:9)
  An orc priest (D:7)
  2 fungi (D:8)
6 creatures vanquished.

Grand Total: 143 creatures vanquished

Notes
Turn   | Place    | Note
-------+----------+-------------------------------------------
     0 | Abyss:1  | CrazyJ the Centaur Abyssal Knight began the quest for the
                  | Orb.
     0 | Abyss:1  | Reached XP level 1. HP: 19/19 MP: 2/2
    78 | D:1      | Escaped the Abyss
   316 | D:1      | Reached XP level 2. HP: 24/26 MP: 3/3
  1011 | D:1      | Reached ** piety under Lugonu
  1136 | D:1      | Reached XP level 3. HP: 13/31 MP: 4/4
  1781 | D:2      | Found a snail-covered altar of Cheibriados.
  1896 | D:2      | Reached skill level 1 in Dodging
  3108 | D:2      | Reached skill level 3 in Invocations
  3265 | D:2      | Reached XP level 4. HP: 38/38 MP: 6/6
  3927 | D:3      | Reached skill level 1 in Slings
  4315 | D:4      | Found a staircase to the Ecumenical Temple.
  4327 | D:4      | Reached XP level 5. HP: 33/45 MP: 7/7
  4363 | Temple   | Entered the Ecumenical Temple
  4595 | D:4      | Found a blossoming altar of Fedhas.
  5097 | D:4      | Found a sparkling altar of Nemelex Xobeh.
  5098 | D:4      | Found an iron altar of Okawaru.
  5258 | D:5      | Entered Level 5 of the Dungeon
  5295 | D:5      | Got a crude sapphire amulet
  5296 | D:5      | Identified the amulet "Ehioghud" {+Rage Dex+6} (You found
                  | it on level 5 of the Dungeon)
  5416 | D:5      | Reached skill level 4 in Invocations
  5416 | D:5      | Reached XP level 6. HP: 43/51 MP: 7/9
  5928 | D:5      | Found a shimmering altar of Xom.
  5948 | D:5      | Learned a level 1 spell: Corona
  6684 | D:6      | Reached XP level 7. HP: 43/58 MP: 10/10
  6695 | D:6      | Reached *** piety under Lugonu
  7658 | D:6      | Reached skill level 1 in Hexes
  8194 | D:7      | Found a sand-covered staircase.
  8420 | D:7      | Reached skill level 1 in Spellcasting
  8566 | Ossuary  | Entered an ossuary
  8616 | Ossuary  | Reached skill level 1 in Bows
  8616 | Ossuary  | Reached skill level 5 in Invocations
  9284 | D:7      | Reached XP level 8. HP: 38/66 MP: 11/11
 10109 | D:7      | You fall through a shaft!
 10250 | D:8      | Noticed a cyclops
 10410 | D:8      | Found a shadowy altar of Dithmenos.
 10743 | D:8      | Noticed a hippogriff
 10757 | D:8      | Killed a hippogriff
 10757 | D:8      | Reached skill level 5 in Polearms
 10757 | D:8      | Reached skill level 6 in Invocations
 11321 | D:8      | Reached **** piety under Lugonu
 11681 | D:9      | Reached XP level 9. HP: 63/73 MP: 13/13
 12003 | D:9      | Reached skill level 5 in Bows
 12049 | D:9      | Reached skill level 5 in Fighting
 12051 | D:9      | Slain by an ogre

Skill      XL: |  1  2  3  4  5  6  7  8  9 |
---------------+----------------------------+-----
Polearms       | 2 3 4 5 |  5.5
Dodging        | 1 |  1.7
Invocations    | 3 4 5 6 |  6.6
Slings         | 1 2 |  2.4
Armour         | 2 3 |  3.3
Fighting       | 4 5 |  5.0
Hexes          | 1 2 |  2.7
Spellcasting   | 1 2 |  2.2
Bows           | 2 4 5 |  5.2
Evocations     | |  0.4

Action                   |  1- 3 |  4- 6 |  7- 9 || total
-------------------------+-------+-------+-------++-------
Melee: Spear             |   140 |   182 |   213 ||   535
       Kick              |    17 |    48 |   103 ||   168
       Trident           |       |       |   121 ||   121
 Fire: Hunting sling     |     3 |    20 |    19 ||    42
Throw: Stone             |     3 |     4 |     1 ||     8
Invok: Bend Space        |       |       |     9 ||     9
       Banish            |       |       |     6 ||     6
  Use: Scroll            |       |     1 |    11 ||    12
       Potion            |       |       |     9 ||     9
  Eat: Chunk             |     1 |     5 |     7 ||    13
       Ration            |     1 |     1 |     3 ||     5
Armor: Scale mail        |    65 |    53 |    19 ||   137
       Chain mail        |       |       |   155 ||   155
Dodge: Dodged            |    48 |    54 |    90 ||   192
